Map: Pillars of Gold LE

Players

SpeCial - Winner!

  • Race: Terran Terran
  • League: Master
  • Spawn Location: 1:00

Kelazhur

  • Race: Terran Terran
  • Spawn Location: 7:00

Event: DreamHack SC2 Masters 2020 Winter

VOD

Have the link to the VOD?

Description

Time

  • Played on: Oct. 24, 2020, 4:55 p.m.
  • Length: 14:08

All games in this series

Show
View Real Time Build Order
Export as new Build Order

SpeCial Terran - Winner!

Build Orders:  

Get SALT Encoding   

  12  0:00  SCV  
  13  0:12  SCV  
  14  0:18  Supply Depot  
  14  0:24  SCV  
  15  0:39  SCV  
  15  0:40  Barracks  
  16  0:45  Refinery  
  16  0:51  SCV  
  16  0:55  Refinery  
  17  1:03  SCV  
  18  1:15  SCV  
  19  1:27  Reaper  
  19  1:28  Supply Depot  
  19  1:30  Orbital Command  
  20  1:44  Factory  
  20  1:55  SCV  
  20  1:59  Reaper  
  22  2:08  SCV  
  23  2:20  Command Center  
  23  2:25  SCV  
  23  2:29  Hellion  
  26  2:33  Barracks Tech Lab  
  26  2:39  Supply Depot  
  26  2:40  SCV  
  27  2:48  Starport  
  27  2:53  SCV  
  28  3:00  Cyclone  
  28  3:03  Barracks Tech Lab  
  31  3:06  SCV  
  32  3:18  SCV  
  33  3:25  Refinery  
  33  3:30  SCV  
  33  3:31  Banshee  
  33  3:33  Orbital Command  
  37  3:34  Barracks Reactor  
  37  3:43  SCV  
  37  3:45  Cyclone  
  41  3:55  SCV  
  41  3:59  SCV  
  43  4:08  SCV  
  44  4:10  Command Center  
  44  4:11  Marine  
  44  4:12  Marine  
  46  4:17  Raven  
  46  4:19  SCV  
  49  4:25  Supply Depot  
  49  4:29  Siege Tank  
  52  4:32  SCV  
  52  4:34  SCV  
  54  4:46  Marine x2  
  54  4:47  SCV x2, Supply Depot  
  58  5:00  Raven  
  58  5:02  SCV x2  
  62  5:08  Marine x2  
  62  5:09  Supply Depot, Siege Tank  
  67  5:14  SCV  
  67  5:15  SCV  
  69  5:23  Orbital Command  
  69  5:26  SCV, Marine x2  
  71  5:30  SCV  
  71  5:32  Supply Depot, Refinery  
  72  5:39  SCV  
  72  5:42  SCV  
  74  5:44  Orbital Command  
  74  5:46  Siege Tank  
  74  5:48  Barracks  
  77  5:50  Barracks  
  77  5:51  SCV  
  77  5:52  Viking x2  
  77  5:53  Marine  
  83  5:59  Stimpack  
  83  6:02  SCV  
  83  6:03  SCV  
  76  6:12  Marine  
  76  6:13  SCV  
  76  6:14  SCV  
  76  6:15  SCV  
  80  6:25  SCV, Engineering Bay  
  81  6:26  SCV  
  81  6:27  SCV, Engineering Bay  
  81  6:28  Viking x2  
  81  6:30  Marine  
  88  6:34  Siege Tank  
  88  6:37  SCV  
  88  6:38  SCV  
  79  6:55  Barracks Reactor x2, SCV x2  
  79  6:59  Viking x2  
  84  7:03  SCV  
  84  7:05  Marine  
  84  7:07  SCV  
  84  7:08  SCV  
  86  7:15  SCV  
  82  7:16  Refinery  
  82  7:17  Siege Tank  
  82  7:21  SCV  
  82  7:22  Marine  
  81  7:26  Supply Depot x2  
  81  7:27  Terran Infantry Weapons Level 1, Terran Infantry Armor Level 1  
  81  7:29  Barracks  
  82  7:33  SCV x3, Barracks  
  82  7:35  Sensor Tower  
  85  7:39  Medivac, Marine x3  
  85  7:40  Marine x2  
  92  7:45  SCV  
  92  7:57  Marine x3  
  91  7:59  Marine  
  91  8:01  SCV  
  91  8:04  SCV  
  91  8:05  Marine  
  89  8:06  Siege Tank  
  89  8:09  SCV  
  91  8:14  SCV  
  91  8:15  Marine x3  
  91  8:16  SCV  
  91  8:17  Marine  
  91  8:19  Refinery x2  
  97  8:21  Barracks Reactor x2  
  97  8:22  Combat Shield  
  97  8:23  Marine  
  98  8:31  Command Center  
  98  8:32  Medivac  
  98  8:33  Marine  
  101  8:34  Marine x2  
  101  8:35  Marine  
  101  8:40  Marine  
  105  8:42  Medivac  
  105  8:47  SCV x2  
  109  8:50  Armory, Supply Depot x2  
  109  8:51  Supply Depot  
  109  9:10  Factory  
  109  9:11  Marine x9  
  109  9:12  SCV x2, Siege Tank  
  109  9:13  Supply Depot  
  109  9:14  Supply Depot, Medivac  
  126  9:17  SCV  
  126  9:21  Supply Depot  
  126  9:29  Sensor Tower  
  126  9:33  Supply Depot x2  
  126  9:34  Marine x7  
  126  9:35  Missile Turret, Marine x2  
  135  9:40  SCV x3  
  138  9:46  Planetary Fortress  
  138  9:51  Supply Depot  
  138  9:52  Marine x6  
  137  9:53  Medivac x2, Marine x2  
  150  10:03  Siege Tank  
  152  10:08  Refinery x2  
  152  10:10  Barracks Reactor, Marine x3  
  155  10:15  Supply Depot  
  155  10:17  Marine  
  155  10:18  Marine x3  
  155  10:21  Marine  
  160  10:23  Terran Infantry Weapons Level 2  
  160  10:26  Supply Depot, Terran Infantry Armor Level 2  
  160  10:27  Terran Vehicle Weapons Level 1  
  160  10:28  Marine  
  164  10:33  Liberator x2  
  164  10:34  Marine  
  164  10:35  Marine x2  
  168  10:36  Marine x2  
  171  10:43  Siege Tank  
  171  10:47  Siege Tank  
  171  10:49  Marine x3  
  178  10:50  Marine x2  
  178  10:52  Marine x2  
  178  10:53  Marine x2  
  180  11:02  Starport  
  180  11:04  Starport  
  180  11:05  Marine  
  180  11:11  Marine  
  181  11:16  Marine  
  183  11:18  Marine  
  183  11:19  Marine  
  183  11:20  Marine  
  183  11:21  Marine x3  
  185  11:27  Marine, Siege Tank  
  185  11:28  Marine  
  185  11:31  Marine  
  185  11:32  Viking x2  
  191  11:33  Marine  
  191  11:36  Marine  
  191  11:37  Marine  
  191  11:38  Marine x3  
  195  11:40  Marine  
  195  11:45  Marine x2  
  198  11:49  Starport Tech Lab x2  
  198  12:00  Command Center, Marine  
  199  12:04  Command Center  
  199  12:07  Marine x2  
  196  12:16  Siege Tank  
  196  12:19  Marine  
  200  12:24  Raven x2  
  200  12:28  Marine  
  165  12:31  Marine  
  165  12:32  Marine  
  165  12:33  Marine x2  
  165  12:36  Marine x3  
  164  12:38  Marine  
  162  12:44  Siege Tank  
  162  12:45  Marine  
  162  12:46  Marine  
  162  12:48  Medivac x2  
  162  12:49  Marine x2  
  162  12:51  Marine x2  
  157  12:54  Marine x3, Siege Tank  
  157  12:55  Marine  
  162  13:02  Marine  
  162  13:04  Marine  
  161  13:07  Raven x2, Marine x2  
  161  13:09  Marine x2  
  161  13:12  Marine x3  
  172  13:13  Marine  
  172  13:18  Medivac x2  
  176  13:20  Marine  
  176  13:22  Marine  
  176  13:23  Siege Tank  
  176  13:25  Marine x2  
  176  13:26  Marine x2  
  176  13:27  Siege Tank  
  187  13:29  Marine x2  
  187  13:30  Marine  
  187  13:31  Marine  
  192  13:38  Marine  
  192  13:40  Marine  
  191  13:43  Marine x2  
  191  13:44  Marine x2  
  191  13:47  Marine x3  
  190  13:49  Marine  
Show
View Real Time Build Order
Export as new Build Order

Kelazhur Terran 

Build Orders:  

Get SALT Encoding   

  12  0:00  SCV  
  13  0:12  SCV  
  14  0:17  Supply Depot  
  14  0:24  SCV  
  15  0:39  SCV  
  15  0:40  Barracks  
  16  0:45  Refinery  
  16  0:51  SCV  
  16  0:54  Refinery  
  17  1:03  SCV  
  18  1:15  SCV  
  19  1:27  Reaper, Orbital Command  
  19  1:29  Supply Depot  
  20  1:42  Factory  
  20  1:53  SCV  
  21  2:00  Reaper  
  22  2:05  SCV  
  23  2:17  SCV  
  24  2:23  Command Center  
  24  2:27  Hellion  
  26  2:30  SCV  
  27  2:38  Barracks Reactor, Supply Depot  
  27  2:43  SCV  
  28  2:49  Widow Mine  
  30  2:52  Starport  
  30  2:56  SCV  
  31  3:08  SCV  
  31  3:11  Factory Tech Lab  
  32  3:16  Marine x2  
  32  3:18  Refinery  
  34  3:21  SCV  
  35  3:29  Starport Tech Lab  
  35  3:30  Cyclone  
  39  3:35  Marine x2  
  39  3:39  Orbital Command  
  39  3:40  SCV  
  41  3:50  Raven  
  41  3:52  SCV  
  44  3:56  Marine x2  
  46  4:05  SCV x2  
  46  4:06  Siege Tank  
  51  4:11  Supply Depot  
  51  4:16  Marine x2  
  53  4:20  SCV  
  54  4:25  SCV  
  54  4:33  SCV  
  55  4:38  SCV  
  55  4:40  Siege Tank  
  59  4:50  SCV x2  
  61  4:59  Marine  
  62  5:00  Supply Depot, Stimpack  
  62  5:06  Viking x2, SCV  
  67  5:07  SCV  
  68  5:16  Supply Depot  
  68  5:19  SCV  
  69  5:21  Siege Tank  
  69  5:23  SCV  
  69  5:26  Command Center  
  73  5:33  SCV, Supply Depot  
  73  5:35  SCV  
  75  5:36  Viking  
  75  5:38  Viking  
  75  5:40  Marine  
  80  5:46  SCV, Refinery  
  80  5:47  SCV  
  82  5:56  Supply Depot  
  81  6:09  Viking x2  
  83  6:14  Marine, Siege Tank  
  83  6:16  SCV  
  83  6:17  Barracks  
  87  6:18  Barracks  
  87  6:20  SCV  
  85  6:28  SCV  
  85  6:31  Marine  
  83  6:32  SCV  
  83  6:40  SCV  
  83  6:41  Supply Depot  
  83  6:44  SCV  
  83  6:46  Viking  
  77  6:49  Marine  
  77  6:52  SCV  
  80  6:57  SCV  
  81  7:04  SCV  
  81  7:05  Combat Shield, Orbital Command  
  81  7:07  Marine  
  78  7:09  SCV  
  78  7:11  Viking  
  77  7:16  Viking, SCV  
  77  7:21  SCV  
  75  7:24  Barracks Reactor  
  75  7:25  Barracks Reactor, Siege Tank  
  75  7:29  Orbital Command  
  77  7:30  SCV  
  77  7:36  SCV  
  79  7:39  Marine  
  79  7:42  SCV  
  81  7:45  Engineering Bay  
  81  7:55  SCV  
  81  7:57  Siege Tank  
  83  8:01  Marine  
  83  8:02  Marine  
  83  8:05  Marine x2  
  84  8:08  SCV  
  84  8:09  Marine  
  84  8:10  Medivac x2  
  84  8:12  SCV  
  85  8:13  Terran Infantry Weapons Level 1, Engineering Bay  
  86  8:22  Barracks  
  86  8:23  Barracks  
  86  8:25  Marine x2  
  86  8:26  Missile Turret  
  86  8:27  Marine x3  
  87  8:31  SCV x3  
  93  8:40  Sensor Tower  
  93  8:42  Marine  
  93  8:43  SCV x3  
  93  8:44  Medivac x2  
  93  8:45  Marine x3  
  93  8:48  Terran Infantry Armor Level 1  
  104  8:50  Marine  
  105  8:56  SCV x3  
  105  8:58  Armory  
  105  9:00  Marine  
  109  9:03  Marine, Siege Tank  
  109  9:04  Marine x2  
  109  9:07  Supply Depot  
  109  9:08  Marine  
  116  9:12  Barracks Reactor x2  
  116  9:18  Marine  
  116  9:21  Viking  
  116  9:22  Viking  
  116  9:23  Marine  
  122  9:24  Marine  
  122  9:27  Command Center  
  122  9:29  Refinery  
  122  9:30  Refinery  
  123  9:32  Supply Depot  
  123  9:34  Marine  
  123  9:36  Marine x2  
  126  9:40  Siege Tank  
  126  9:41  Marine  
  129  9:48  Marine  
  129  9:50  Marine x3  
  133  9:53  Terran Vehicle Weapons Level 1, Marine x3  
  133  9:54  Supply Depot x2  
  133  9:55  Marine  
  133  9:57  Supply Depot  
  133  9:59  Marine  
  137  10:05  Marine  
  137  10:06  Viking  
  140  10:10  Sensor Tower  
  140  10:12  Terran Infantry Weapons Level 2  
  140  10:15  Viking  
  140  10:17  Marine x6  
  140  10:21  Supply Depot  
  148  10:26  Marine x2  
  148  10:27  Marine  
  151  10:32  Missile Turret  
  151  10:33  Siege Tank  
  151  10:34  Missile Turret  
  151  10:35  Marine  
  154  10:37  Marine x3  
  154  10:52  Terran Infantry Armor Level 2  
  154  10:55  Marine  
  154  10:56  Marine x2  
  150  10:59  Viking x2  
  150  11:02  Planetary Fortress  
  154  11:05  Starport  
  154  11:07  Marine x4  
  155  11:19  Marine  
  155  11:23  Marine  
  150  11:27  Siege Tank  
  150  11:29  Marine x7  
  156  11:37  Marine  
  154  11:41  Marine  
  154  11:44  Viking x2  
  159  11:47  Marine x3  
  159  11:52  Terran Vehicle Weapons Level 2, Marine  
  159  11:53  Marine x2  
  159  11:54  Marine  
  166  11:55  Marine  
  166  11:59  Siege Tank  
  166  12:00  Marine  
  171  12:06  Marine  
  169  12:08  Marine  
  169  12:13  Marine x6  
  175  12:22  Marine  
  174  12:27  Marine  
  145  12:31  Siege Tank  
  145  12:32  Marine x2  
  145  12:33  Marine x2  
  141  12:47  Marine  
  141  12:48  Marine x2  
  141  12:49  Marine  
  136  13:01  Marine  
  136  13:03  Viking x2, Siege Tank  
  139  13:06  Marine  
  134  13:18  Marine x4  
  132  13:24  Marine  
  133  13:29  Marine  
  133  13:34  Marine  
  71  14:03  Starport Tech Lab  
Tags
 
Add a new tag
Caveats
  • Supply blocks, unpowered buildings, or Contaminate may cause inaccurate times.
  • Supply counts are checked every 10 seconds.